Map: Bridgehead LE (Void)

Players

FetuchiNii

  • Race: Terran Terran
  • League: Grandmaster

wabbajack - Winner!

  • Race: Zerg Zerg
  • League: Gold

VOD

Have the link to the VOD?

Description

Time

  • Played on: July 17, 2015, 7:02 p.m.
  • Length: 14:03
Show
View Real Time Build Order
Export as new Build Order

FetuchiNii Terran 

Build Orders: Command Center First (CC), Bio Tank, MMM Bio 

Get SALT Encoding   

  12  0:02  SCV  
  13  0:14  SCV  
  14  0:27  SCV  
  14  0:28  Supply Depot  
  15  0:49  SCV  
  16  0:58  Command Center  
  16  1:02  SCV  
  17  1:14  SCV  
  18  1:19  Barracks  
  18  1:24  Refinery  
  18  1:26  SCV  
  19  1:38  SCV  
  20  1:50  SCV  
  20  1:54  Supply Depot  
  21  2:03  Engineering Bay  
  21  2:07  SCV  
  22  2:10  Orbital Command  
  22  2:11  Barracks Reactor  
  22  2:19  Orbital Command  
  22  2:39  Refinery  
  22  2:40  SCV  
  22  2:42  Barracks  
  23  2:45  SCV  
  23  2:48  Marine x2  
  26  2:56  Engineering Bay  
  26  2:58  SCV x2  
  28  3:06  Marine  
  28  3:10  SCV  
  28  3:11  SCV  
  31  3:22  SCV  
  31  3:23  SCV  
  31  3:26  Marine x2  
  35  3:30  Barracks Tech Lab  
  35  3:32  Factory  
  35  3:34  SCV  
  35  3:35  SCV  
  35  3:38  Refinery  
  37  3:45  Marine x2  
  37  3:46  SCV  
  37  3:47  SCV  
  41  3:51  Supply Depot  
  41  3:58  SCV, Engineering Bay  
  41  3:59  SCV  
  43  4:04  Marauder  
  43  4:05  Stimpack  
  43  4:06  Marine  
  46  4:10  Supply Depot  
  46  4:13  SCV x2, Marine  
  43  4:54  Marine x2  
  43  4:59  Factory Tech Lab  
  45  5:06  Starport  
  45  5:08  Starport  
  45  5:11  Barracks  
  45  5:13  Terran Infantry Weapons Level 1  
  45  5:14  Barracks  
  45  5:18  Siege Tank  
  48  5:38  Marine x2  
  48  5:42  SCV x2  
  52  5:46  Refinery  
  52  5:50  Command Center, Siege Tank  
  52  5:52  Starport Reactor x2  
  57  5:57  Marauder  
  57  5:58  Marine x2  
  57  6:02  SCV x2  
  57  6:03  Barracks Tech Lab  
  57  6:04  Barracks Tech Lab  
  61  6:19  Marine  
  61  6:22  Combat Shields  
  62  6:27  Supply Depot x2  
  62  6:29  Supply Depot  
  62  6:40  Liberator  
  62  6:48  Marine x2  
  62  6:49  SCV x2, Marauder x3  
  72  7:01  SCV  
  76  7:06  Marine  
  77  7:10  Marauder x3, Marine  
  77  7:12  Siege Tank  
  87  7:20  Liberator  
  87  7:23  Missile Turret  
  87  7:24  Marine  
  87  7:26  Terran Infantry Armor Level 1  
  88  7:32  Marauder x2  
  88  7:33  Orbital Command  
  88  7:35  SCV x2  
  94  7:39  Marine x2  
  94  7:42  Marine  
  100  7:46  Supply Depot  
  100  7:47  Supply Depot  
  100  7:48  Hellion  
  100  7:51  Liberator x2  
  101  7:56  Command Center  
  101  8:06  Supply Depot  
  101  8:07  Liberator  
  101  8:08  Marine x5  
  112  8:13  SCV  
  112  8:14  SCV  
  114  8:21  Concussive Shells  
  114  8:25  Liberator  
  117  8:27  Marine x5  
  117  8:33  Supply Depot x2  
  122  8:35  Supply Depot  
  122  8:36  Supply Depot  
  125  8:54  Marine, Liberator  
  126  9:09  Supply Depot, Marine x4  
  130  9:10  Supply Depot, Bunker  
  130  9:11  Siege Tank  
  130  9:13  Marauder  
  138  9:17  SCV x3  
  138  9:20  Refinery  
  138  9:22  Refinery  
  141  9:27  Marauder x2  
  141  9:29  SCV x2  
  141  9:30  SCV  
  148  9:34  Armory  
  148  9:41  SCV, Marine x3  
  148  9:42  Medivac  
  148  9:43  Siege Tank  
  157  9:46  SCV x2  
  157  9:48  Marine  
  157  9:49  Marauder  
  162  9:56  Medivac x2  
  162  9:58  Marine  
  162  9:59  Marine x2  
  169  10:06  Marauder  
  156  10:55  Liberator  
  156  10:56  Liberator  
  156  11:08  SCV  
  156  11:09  SCV x2, Marine  
  156  11:10  Marine x4  
  167  11:11  Siege Tank  
  167  11:18  Command Center  
  173  11:20  SCV  
  174  11:27  Marine x4  
  174  11:28  Marine  
  178  11:43  Siege Tank  
  178  11:45  Marine  
  170  12:31  Siege Tank  
  170  12:34  Liberator x3  
  157  12:47  Liberator  
  157  12:48  Marine  
  157  12:49  Marine x4  
  171  13:02  Supply Depot  
  171  13:05  Siege Tank  
  168  13:06  Marine  
  168  13:07  Marine x4  
  144  13:24  Marine  
  144  13:25  Marine x4  
  124  13:42  Marine x2  
Show
View Real Time Build Order
Export as new Build Order

wabbajack Zerg - Winner!

Build Orders: Hatch First, Lurkers 

Get SALT Encoding   

  12  0:01  Drone  
  13  0:13  Overlord  
  13  0:19  Drone  
  14  0:23  Extractor  
  14  0:24  Drone  
  15  0:32  Drone  
  16  0:36  Drone  
  17  0:59  Hatchery  
  16  1:06  Drone  
  16  1:07  Drone  
  16  1:09  Extractor  
  17  1:16  Spawning Pool  
  16  1:27  Drone x2  
  18  1:44  Drone, Overlord  
  19  2:00  Drone  
  20  2:07  Queen  
  22  2:12  Metabolic Boost, Queen  
  24  2:22  Drone x2  
  26  2:26  Drone  
  26  2:27  Drone x2  
  29  2:33  Overlord  
  29  2:42  Zergling x2  
  29  2:43  Zergling x2  
  31  2:45  Zergling x2  
  32  2:54  Zergling x2  
  32  2:56  Zergling x2  
  34  3:03  Lair  
  34  3:06  Zergling x4  
  36  3:16  Zergling x2  
  37  3:22  Overlord  
  37  3:25  Overlord  
  37  3:34  Drone  
  37  3:35  Drone x6  
  44  4:00  Zergling x2  
  44  4:01  Zergling x2  
  46  4:08  Hydralisk Den  
  45  4:10  Zergling x4  
  45  4:11  Roach Warren  
  45  4:14  Extractor  
  45  4:15  Drone x7  
  52  4:19  Zergling x2  
  45  4:55  Pneumatized Carapace  
  45  5:16  Hatchery  
  45  5:18  Drone  
  45  5:19  Drone  
  45  5:20  Lurker Den  
  46  5:22  Drone x2, Extractor  
  46  5:24  Drone  
  46  5:27  Extractor  
  47  5:36  Drone x3  
  47  5:39  Drone x3  
  47  5:41  Overlord x2  
  53  5:48  Hydralisk x3  
  59  5:52  Overlord x4  
  59  5:58  Queen  
  61  6:09  Zergling x4  
  61  6:10  Zergling x4  
  61  6:11  Zergling x4  
  66  6:12  Zergling x4  
  69  6:28  Hydralisk  
  69  6:29  Hydralisk x6  
  69  6:30  Overlord  
  83  6:35  Drone  
  84  6:55  Baneling Nest  
  83  7:13  Drone x11  
  83  7:14  Overlord x2  
  83  7:15  Overlord x2  
  94  7:18  Lurker x3  
  94  7:19  Lurker x2  
  99  7:54  Drone x3, Extractor x2  
  99  7:55  Drone x2  
  99  7:56  Drone  
  103  8:06  Drone x2  
  103  8:07  Drone x4  
  103  8:09  Hatchery  
  108  8:17  Hatchery  
  104  9:01  Baneling x2  
  104  9:02  Baneling x14  
  104  9:04  Overlord x2  
  104  9:10  Muscular Augments  
  104  9:11  Hydralisk x5, Roach  
  104  9:12  Hydralisk x4, Roach x6  
  104  9:13  Roach x2  
  140  9:22  Overlord x2  
  140  9:25  Queen  
  140  9:29  Queen  
  144  9:36  Spire, Infestation Pit  
  142  9:43  Evolution Chamber  
  142  9:44  Evolution Chamber  
  140  9:46  Evolution Chamber  
  127  10:37  Overlord  
  127  10:38  Overlord  
  127  10:51  Corruptor  
  127  10:52  Corruptor x6  
  127  10:53  Corruptor  
  143  10:57  Hive  
  143  10:59  Zerg Missile Weapons Level 1, Zerg Melee Weapons Level 1  
  143  11:00  Zerg Ground Armor Level 1  
  143  11:02  Extractor x2  
  141  11:04  Glial Reconstitution  
  141  11:09  Drone x3  
  141  11:10  Drone x3  
  141  11:11  Overlord  
  147  11:12  Drone x5  
  147  11:13  Drone x6  
  147  11:14  Drone  
  147  11:15  Hydralisk x5, Roach  
  147  11:16  Hydralisk x2, Roach x6  
  147  11:17  Roach x3  
  193  11:36  Lurker x3  
  116  12:42  Hydralisk x3  
  116  12:43  Hydralisk x3, Roach x6  
  116  12:44  Corruptor x5, Roach  
  136  12:45  Corruptor x2  
  150  12:54  Viper  
  150  12:57  Drone  
  154  13:03  Viper x2  
  134  13:13  Lurker x2  
  124  13:29  Zergling x2  
  124  13:30  Zergling x24  
  120  13:43  Roach x2  
  120  13:44  Roach  
Tags
 
Add a new tag
Caveats
  • Supply blocks, unpowered buildings, or Contaminate may cause inaccurate times.
  • Supply counts are checked every 10 seconds.